 Dungeon Crawl Stone Soup version 0.31-a0-234-gad7ace16ef (webtiles) character file.

Game seed: 5391609212524651350

330 qw the Shooter (level 6, -1/37 HPs)
             Began as a Gargoyle Hexslinger on July 9, 2023.
             Slain by a wight
             ... wielding a +5 falchion
              (3 damage)
             ... on level 6 of the Dungeon.
             The game lasted 00:01:03 (2606 turns).

qw the Shooter (Gargoyle Hexslinger)                Turns: 2606, Time: 00:01:03

Health: -1/37      AC: 10    Str: 11    XL:     6   Next: 51%
Magic:  7/7        EV: 15    Int: 14    God:
Gold:   207        SH:  5    Dex: 14    Spells: 6/7 levels left

rFire   . . .        Y - +1 sling
rCold   . . .        (no shield)
rNeg    + . .        j - +0 ring mail
rPois   inf          (no helmet)
rElec   +            i - +0 cloak
rCorr   .            (no gloves)
SInv    .            (no boots)
Will    .....        g - amulet of reflection
Stlth   +            a - +5 ring of evasion
HPRegen 0.26/turn    (no ring)
MPRegen 0.10/turn

%: reflection
@: no status effects
A: sickness immunity, AC +4, negative energy resistance 1, electricity
resistance, torment resistance 1, petrification resistance
a: no special abilities


You were on level 6 of the Dungeon.
You visited 1 branch of the dungeon, and saw 6 of its levels.

You collected 207 gold pieces.


Innate Abilities, Weirdness & Mutations

You are immune to sickness and miasma.
Your stone body is resilient. (AC +4)
You are immune to poison.
You resist negative energy. (rN+)
You are resistant to electric shocks. (rElec)
You are resistant to unholy torment.
You are immune to petrification.


   Skills:
 - Level 3.3 Fighting
 + Level 5.7 Ranged Weapons
 - Level 1.3 Armour
 - Level 1.5 Dodging
 - Level 1.0 Spellcasting
 - Level 2.6 Hexes


You had 6 spell levels left.
You knew the following spells:

 Your Spells              Type           Power      Damage    Failure   Level
a - Slow                  Hex            32%        N/A       21%         1

Your spell library contained the following spells:

 Spells                   Type           Power      Damage    Failure   Level
 Inner Flame              Hex/Fire       4%         N/A       71%         3
 Portal Projectile        Hex/Tloc       8%         N/A       71%         3
 Cause Fear               Hex            4%         N/A       90%         4

Inventory:

Hand Weapons
 Y - a +1 sling (weapon)
Armour
 i - a +0 cloak (worn)
 j - a +0 ring mail (worn)
Jewellery
 a - a +5 ring of evasion (left hand)
 g - an amulet of reflection (around neck)
Scrolls
 b - a scroll of identify
Potions
 d - a potion of ambrosia {unknown}
 e - a potion of might {unknown}
 h - a potion of enlightenment

Dungeon Overview and Level Annotations

Branches:
Dungeon (7/15)
 Temple: D:4-7

Altars:
Sif Muna


Message History

You shoot a sling bullet.
The sling bullet closely misses the wight.
You shoot a sling bullet. The sling bullet hits the wight.
The wight is lightly damaged.
The wight hits you with a +5 falchion!
You shoot a sling bullet.
The sling bullet closely misses the wight.
The wight closely misses you.
You shoot a sling bullet.
The sling bullet hits the wight but does no damage.
The wight is lightly damaged.
The wight hits you but does no damage.
You shoot a sling bullet. The sling bullet hits the wight.
The wight is moderately damaged.
The wight hits you but does no damage. You block the wight's attack.
You shoot a sling bullet. The sling bullet hits the wight!
The wight is severely damaged.
The wight hits you but does no damage.
You shoot a sling bullet.
The sling bullet hits the wight but does no damage.
The wight is severely damaged.
The wight hits you with a +5 falchion!
You shoot a sling bullet.
The sling bullet hits the wight but does no damage.
The wight is severely damaged.
The wight hits you with a +5 falchion.
You shoot a sling bullet.
The sling bullet barely misses the wight.
The wight closely misses you. The wight hits you with a +5 falchion!
You shoot a sling bullet.
The sling bullet closely misses the wight.
You block the wight's attack.
You shoot a sling bullet.
The sling bullet hits the wight but does no damage.
The wight is severely damaged.
The wight hits you with a +5 falchion!
You shoot a sling bullet. The sling bullet hits the wight.
The wight is almost destroyed.
The wight hits you with a +5 falchion.
You die...

# ..###
.....##########
........#..>.)##
...............##
##z@).......##
#...........#
#..............
#?.........###.
##.........# #
#.........#
#..........#
##.........#
.........##


You could see a wight.

Vanquished Creatures
  A scorpion (D:3)
  2 wights (D:6)
  A jelly (D:7)
  A sleepcap (D:6)
  2 adders (D:2)
  An ufetubus (D:4)
  4 dart slugs
  14 orcs
  5 ball pythons
  5 endoplasms
  A giant cockroach (D:2)
  8 goblins
  2 hobgoblins
  3 quokkas (D:1)
  4 bats
  A frilled lizard (D:1)
  6 kobolds
  7 rats
68 creatures vanquished.

Notes
Turn   | Place    | Note
-------+----------+-------------------------------------------
     0 | D:1      | qw the Gargoyle Hexslinger began the quest for the Orb.
     0 | D:1      | Reached XP level 1. HP: 12/12 MP: 2/2
     0 | D:1      | 0 ||| qw: Version: 0.3-a-51-g015441d
     0 | D:1      | 0 ||| qw: Game counter: 4334
     0 | D:1      | 0 ||| qw: Melee chars always use a shield: true
     0 | D:1      | 0 ||| qw: God list: Okawaru
     0 | D:1      | 0 ||| qw: Allow faded altars: false
     0 | D:1      | 0 ||| qw: Do Orc after clearing Dungeon:15 true
     0 | D:1      | 0 ||| qw: Do second Lair branch before Depths: true
     0 | D:1      | 0 ||| qw: Lair rune preference: random
     0 | D:1      | 0 ||| qw: Goals: Normal
     0 | D:1      | 0 ||| PLANNING D:1-11
   131 | D:1      | Reached XP level 2. HP: 16/16 MP: 3/3
   210 | D:1      | Reached skill level 3 in Ranged Weapons
   515 | D:1      | Reached XP level 3. HP: 12/21 MP: 4/4
   849 | D:1      | 849 ||| UPGRADING to +0 cloak.
   854 | D:1      | 854 ||| UPGRADING to +0 ring mail.
   864 | D:1      | 864 ||| DROPPING +0 robe.
   865 | D:1      | 865 ||| UPGRADING to amulet of reflection.
   870 | D:1      | 870 ||| READING 2 scrolls labelled LEPUGA QAAPT.
   875 | D:1      | 875 ||| READING scroll labelled UWEONO BIDDYR.
   876 | D:1      | 876 ||| DROPPING scroll of poison.
  1092 | D:2      | Reached skill level 1 in Armour
  1422 | D:2      | Reached XP level 4. HP: 24/26 MP: 5/5
  1429 | D:2      | Found a shimmering blue altar of Sif Muna.
  1647 | D:2      | 1647 ||| READING scroll labelled ELUINE KOICVA.
  1648 | D:2      | 1648 ||| DRINKING 2 murky sapphire potions.
  1774 | D:3      | Noticed a scorpion
  1790 | D:3      | Killed a scorpion
  1791 | D:3      | Reached skill level 4 in Ranged Weapons
  1791 | D:3      | Reached XP level 5. HP: 15/30 MP: 6/6
  1910 | D:3      | HP: 7/30 [orc/+0 hand axe (2)]
  1911 | D:3      | 1911 ||| READING scroll of teleportation.
  2046 | D:3      | 2046 ||| FLEEEEING.
  2047 | D:3      | 2047 ||| FLEEEEING.
  2247 | D:3      | 2247 ||| DROPPING scarf of invisibility.
  2248 | D:3      | 2248 ||| UPGRADING to +5 ring of evasion.
  2401 | D:4      | Reached skill level 5 in Ranged Weapons
  2423 | D:4      | You fall into a shaft and drop 3 floors!
  2571 | D:6      | Reached skill level 3 in Fighting
  2571 | D:6      | Reached XP level 6. HP: 37/37 MP: 7/7
  2603 | D:6      | HP: 9/37 [wight/+5 falchion (7)]
  2605 | D:6      | HP: 2/37 [wight/+5 falchion (8)]
  2606 | D:6      | Slain by a wight

Levels and vault maps discovered:
D:1:      psy_arrival_statuary, layout_basic, corexii_corridor_pit
D:2:      layout_loops_ring, basic_altar
D:3:      layout_rooms
D:4:      layout_basic, trog_ov_bears_minmay, nicolae_twisty_statue_hallways,
          uniq_menkaure
D:6:      layout_cave_pods, xom_confusion_cloud, fedhas_ov_isle_minmay,
          uniq_grinder
D:7:      layout_loops_ring, temple_doors_ab, serial_bayou_pond_b

Skill      XL: |  1  2  3  4  5 |
---------------+----------------+-----
Ranged Weapons | 3 4 5 |  5.7
Fighting       | 2 3 |  3.3
Armour         | 1 |  1.3
Dodging        | |  1.5
Spellcasting   | |  1.0
Hexes          | |  2.6

Action                     |  1- 3 |  4- 6 || total
---------------------------+-------+-------++-------
   Fire: Sling             |    98 |   171 ||   269
    Use: Scroll            |     2 |     2 ||     4
         Potion            |       |     1 ||     1
 Armour: Robe              |     3 |       ||     3
         Ring mail         |    16 |    43 ||    59
  Dodge: Dodged            |    14 |    88 ||   102
  Block: Other             |     5 |    31 ||    36
         Reflection        |     1 |     2 ||     3

Table legend:
 A = Non-vault XP
 B = Vault XP
 C = Vault XP percentage of total XP
 D = Non-vault monster count
 E = Vault monster count
 F = Vault count percentage of total count
                 A         B        C        D         E       F
            +---------+---------+-------+---------+---------+-------
      Total |     472 |       0 |   0.0 |      68 |       0 |   0.0
            +---------+---------+-------+---------+---------+-------
        D:1 |      47 |       0 |   0.0 |      24 |       0 |   0.0
        D:2 |      49 |       0 |   0.0 |      16 |       0 |   0.0
        D:3 |     122 |       0 |   0.0 |      17 |       0 |   0.0
        D:4 |      25 |       0 |   0.0 |       7 |       0 |   0.0
        D:6 |     184 |       0 |   0.0 |       3 |       0 |   0.0
        D:7 |      45 |       0 |   0.0 |       1 |       0 |   0.0
            +---------+---------+-------+---------+---------+-------
